Map: New Repugnancy LE

Players

Lambo

  • Race: Zerg Zerg
  • League: Grandmaster
  • Spawn Location: 1:00

TSGSolar (Solar) - Winner!

  • Race: Zerg Zerg
  • Spawn Location: 7:00

Event: HomeStory Cup XIX

VOD

Have the link to the VOD?

Description

Time

  • Played on: June 27, 2019, 12:09 p.m.
  • Length: 7:08
Show
View Real Time Build Order
Export as new Build Order

Lambo Zerg 

Build Orders: Hatch First, Zergling Baneling 

Get SALT Encoding   

  12  0:00  Drone  
  13  0:13  Overlord  
  13  0:17  Drone  
  14  0:31  Drone x2  
  16  0:48  Hatchery  
  15  0:51  Drone  
  15  0:55  Drone  
  17  0:58  Drone  
  17  1:01  Extractor  
  17  1:14  Spawning Pool  
  17  1:18  Drone  
  17  1:20  Drone  
  18  1:29  Drone  
  19  1:41  Drone  
  20  1:53  Drone  
  21  2:01  Metabolic Boost, Queen  
  21  2:02  Queen  
  21  2:04  Drone  
  21  2:08  Overlord  
  26  2:13  Drone  
  26  2:15  Drone  
  28  2:26  Zergling x4  
  30  2:34  Zergling x4  
  32  2:42  Hatchery  
  31  2:44  Drone  
  31  2:48  Overlord  
  32  2:55  Zergling x4  
  34  3:05  Zergling x4  
  34  3:10  Zergling x6  
  34  3:11  Drone  
  34  3:12  Drone x2  
  42  3:18  Overlord  
  42  3:25  Drone  
  42  3:26  Baneling Nest  
  42  3:29  Drone  
  42  3:30  Drone  
  43  3:44  Drone  
  43  3:47  Zergling x10  
  48  3:50  Drone  
  48  3:52  Queen  
  51  3:57  Evolution Chamber, Overlord  
  50  4:03  Overlord  
  50  4:04  Zergling x2  
  50  4:05  Zergling x2  
  52  4:10  Baneling  
  52  4:12  Baneling  
  52  4:15  Baneling x3  
  52  4:18  Drone  
  51  4:25  Zergling x16  
  51  4:27  Baneling  
  58  4:31  Drone  
  59  4:40  Drone x3  
  59  4:43  Extractor  
  59  4:45  Zergling x2  
  62  4:47  Baneling x2  
  62  4:49  Drone x2  
  64  4:56  Drone  
  67  5:00  Drone x2  
  65  5:09  Drone x6  
  65  5:12  Drone  
  68  5:17  Baneling x2  
  68  5:18  Drone x5  
  72  5:23  Extractor  
  72  5:25  Roach Warren  
  72  5:27  Drone x2  
  72  5:31  Drone  
  72  5:32  Overlord  
  72  5:35  Overlord  
  72  5:36  Drone  
  72  5:40  Baneling  
  72  5:41  Baneling, Drone x2  
  72  5:48  Zergling x6  
  71  6:05  Zergling x4, Roach x8  
  71  6:10  Spine Crawler x3  
  71  6:11  Spine Crawler, Roach  
  84  6:19  Zergling x2, Roach x2  
  84  6:24  Overlord  
  84  6:25  Roach  
  89  6:29  Roach  
  89  6:34  Roach  
  89  6:35  Zergling x2, Roach  
  89  6:36  Zergling x2  
  87  6:46  Roach  
Show
View Real Time Build Order
Export as new Build Order

TSGSolar Zerg - Winner!

Build Orders: Hatch First, Zergling Baneling 

Get SALT Encoding   

  12  0:01  Drone  
  13  0:12  Overlord  
  13  0:16  Drone  
  14  0:30  Drone x2  
  16  0:48  Hatchery  
  15  0:51  Drone  
  15  0:54  Drone  
  17  0:58  Drone  
  18  1:08  Extractor  
  17  1:13  Spawning Pool  
  17  1:17  Drone  
  17  1:20  Drone  
  18  1:28  Drone  
  19  1:38  Drone  
  20  1:49  Overlord  
  20  2:00  Queen x2  
  20  2:01  Drone x2  
  26  2:09  Metabolic Boost  
  26  2:11  Drone x2  
  28  2:23  Drone x2  
  30  2:35  Hatchery  
  30  2:36  Zergling x2  
  30  2:39  Drone  
  31  2:45  Baneling Nest  
  31  2:46  Drone  
  31  2:51  Overlord  
  31  2:54  Zergling x2  
  31  2:55  Zergling x2  
  33  3:05  Zergling x4  
  35  3:10  Zergling x10  
  40  3:13  Drone  
  40  3:19  Overlord  
  41  3:20  Zergling x2  
  42  3:30  Baneling x2  
  42  3:31  Zergling x4  
  44  3:37  Queen  
  46  3:42  Drone x2  
  46  3:43  Drone x2  
  50  3:54  Drone  
  50  3:55  Zergling x4, Evolution Chamber  
  53  4:02  Overlord  
  52  4:06  Drone  
  52  4:11  Drone x2  
  52  4:12  Drone  
  52  4:13  Drone  
  56  4:19  Drone x2  
  56  4:20  Overlord  
  56  4:21  Drone  
  58  4:25  Drone  
  58  4:30  Overlord  
  58  4:31  Roach Warren  
  58  4:32  Drone x2, Extractor x2  
  58  4:36  Baneling x2  
  58  4:38  Zergling x4  
  58  4:41  Baneling x3  
  58  4:43  Drone x2  
  58  4:45  Zergling x2  
  63  4:49  Baneling x2  
  63  4:50  Zergling x4  
  64  4:55  Zergling x4  
  64  4:57  Overlord  
  64  4:59  Overlord  
  62  5:09  Baneling x2  
  62  5:11  Overlord  
  59  5:20  Roach x5  
  68  5:22  Zergling x6  
  68  5:28  Roach x2  
  75  5:34  Roach x2  
  79  5:39  Baneling, Zergling x2  
  79  5:50  Zergling x12  
  79  5:54  Baneling x2  
  79  5:56  Drone x2  
  79  5:57  Drone  
  87  5:58  Zergling x8  
  91  6:08  Zergling x6  
  94  6:16  Drone x2  
  96  6:18  Zergling x2  
  96  6:25  Zergling x2  
  96  6:26  Zergling x14  
  96  6:28  Drone  
  104  6:36  Drone  
  104  6:39  Drone x2  
  102  6:41  Roach x2  
  102  6:42  Overlord  
  102  6:47  Overlord  
  102  6:48  Overlord  
  98  6:54  Drone x2  
  98  6:55  Drone x5  
  98  6:56  Extractor  
  98  7:00  Extractor  
Tags
 
Add a new tag
Caveats
  • Supply blocks, unpowered buildings, or Contaminate may cause inaccurate times.
  • Supply counts are checked every 10 seconds.